 Dungeon Crawl Stone Soup version 0.27-a0-46-g34d46f0a3f (webtiles) character file.

Game seed: 10645029915571613657

102 pistachioham the Grasshopper (level 4, 0/38 HPs)
             Began as a Gnoll Warper on Jan 7, 2021.
             Slain by Grinder (5 damage)
             ... on level 2 of the Dungeon.
             The game lasted 00:07:20 (1869 turns).

pistachioham the Grasshopper (Gnoll Warper)         Turns: 1869, Time: 00:07:21

Health: 0/38       AC:  5    Str: 15    XL:     4   Next: 77%
Magic:  11/11      EV: 18    Int: 15    God:
Gold:   115        SH:  5    Dex: 14    Spells: 5/13 levels left

rFire    . . .     SeeInvis .   a - +0 falchion
rCold    . . .     Faith    .   (no shield)
rNeg     . . .     Spirit   .   b - +0 leather armour
rPois    .         Reflect  +   (no helmet)
rElec    .         Harm     .   (no cloak)
rCorr    .         Rampage  .   (no gloves)
Will     .....                  l - +1 pair of boots
Stlth    +.........             q - amulet of reflection
HPRegen  0.12/turn              g - +4 ring of evasion
MPRegen  0.12/turn              (no ring)

@: mighty, brilliant
A: distributed training, fangs 1, strong nose
a: no special abilities


You were on level 2 of the Dungeon.
You visited 1 branch of the dungeon, and saw 3 of its levels.

You collected 115 gold pieces.

Inventory:

Hand Weapons
 a - a +0 falchion (weapon)
Missiles
 e - a boomerang of dispersal (quivered)
Armour
 b - a +0 leather armour (worn)
 l - a +1 pair of boots (worn)
 m - a +0 robe of fire resistance
 p - +0 ice dragon scales
Jewellery
 g - a +4 ring of evasion (left hand)
 q - an amulet of reflection (around neck)
Scrolls
 c - 2 scrolls of magic mapping {unknown}
 d - a scroll of blinking
 f - a scroll of identify
 h - a scroll of fog {unknown}
 k - a scroll of remove curse {unknown}
 n - a scroll of amnesia {unknown}
 o - a scroll of enchant armour {unknown}


   Skills:
 + Level 4.7 Fighting
 + Level 1.2 Short Blades
 + Level 4.7 Long Blades
 + Level 1.2 Axes
 + Level 1.2 Maces & Flails
 + Level 1.2 Polearms
 + Level 1.2 Staves
 + Level 1.2 Slings
 + Level 1.2 Bows
 + Level 1.2 Crossbows
 + Level 2.8 Throwing
 + Level 2.8 Armour
 + Level 4.7 Dodging
 + Level 1.2 Stealth
 + Level 1.2 Shields
 + Level 1.2 Unarmed Combat
 + Level 5.1 Spellcasting
 + Level 1.0 Conjurations
 + Level 1.0 Hexes
 + Level 1.0 Summonings
 + Level 1.0 Necromancy
 + Level 5.5 Translocations
 + Level 1.0 Transmutations
 + Level 1.0 Fire Magic
 + Level 1.0 Ice Magic
 + Level 1.0 Air Magic
 + Level 1.0 Earth Magic
 + Level 1.0 Poison Magic
 + Level 1.3 Invocations
 + Level 1.2 Evocations


You had 5 spell levels left.
You knew the following spells:

 Your Spells              Type           Power        Failure   Level
a - Blink                 Tloc           N/A          3%          2
b - Lesser Beckoning      Tloc           15%          6%          3
c - Teleport Other        Tloc           30%          6%          3

Your spell library contained the following spells:

 Spells                   Type           Power        Failure   Level
 Gell's Gravitas          Tloc           15%          6%          3
 Passage of Golubria      Tloc           N/A          21%         4


Dungeon Overview and Level Annotations

Branches:
Dungeon (3/15)

Altars:
Ashenzari
Okawaru

Annotations:
D:2 Grinder
D:3 Sigmund, Terence


Innate Abilities, Weirdness & Mutations

Your experience applies equally to all skills.
You have very sharp teeth.
Your uncanny sense of smell can sniff out nearby items.


Message History

Unknown command.
You slash Grinder! Your punch misses Grinder.
Grinder is severely wounded.
Grinder closely misses you.
Unknown command.
You closely miss Grinder.
Grinder is severely wounded.
Grinder says, "FISH!"
Grinder hits you.
* * * LOW HITPOINT WARNING * * *
Unknown command.
You closely miss Grinder.
Grinder is severely wounded.
Grinder barely misses you.
You riposte.
You barely miss Grinder.
Grinder is severely wounded.
Unknown command.
You hit Grinder.
Grinder is severely wounded.
Grinder hits you.
You die...

# #.# #..# #.#.# ###..
# #<# ##.# #.#.### ###
# #.# #.# #..(..# #
#.######.####.###.#####
# #.............#
#...).# #
#############.###.###.#
## ##.....###.# .#
#.......##.# .#
#..@....##.# .#
##..5....##.# ## .#
#........##.# #. .##
#........##.# #. ..#
#)>......##.# #. ..#
#........#..# #. ..#
#.########.## #. ..#
#.# #.# ## ..# #.####
#.#


You could see Grinder.

Vanquished Creatures
  4 adders (D:2)
  An ooze (D:2)
  A worm (D:3)
  2 dart slugs (D:2)
  A leopard gecko (D:1)
  2 bats (D:1)
  2 giant cockroaches
  7 hobgoblins
  3 jackals (D:2)
  3 frilled lizards
  11 goblins
  8 kobolds
  9 rats
54 creatures vanquished.

Notes
Turn   | Place    | Note
-------+----------+-------------------------------------------
     0 | D:1      | pistachioham the Gnoll Warper began the quest for the Orb.
     0 | D:1      | Reached XP level 1. HP: 20/20 MP: 6/6
   120 | D:1      | Reached XP level 2. HP: 26/26 MP: 7/7
   520 | D:1      | Reached XP level 3. HP: 26/31 MP: 9/9
   523 | D:1      | Learned a level 2 spell: Blink
   527 | D:1      | Learned a level 3 spell: Lesser Beckoning
   532 | D:1      | Learned a level 3 spell: Teleport Other
   710 | D:2      | Reached skill level 5 in Spellcasting
   860 | D:2      | Reached skill level 1 in Invocations
   997 | D:2      | Found a broken altar of Ashenzari.
  1042 | D:2      | Reached skill level 1 in Short Blades
  1042 | D:2      | Reached skill level 1 in Axes
  1042 | D:2      | Reached skill level 1 in Maces & Flails
  1042 | D:2      | Reached skill level 1 in Polearms
  1042 | D:2      | Reached skill level 1 in Staves
  1042 | D:2      | Reached skill level 1 in Slings
  1042 | D:2      | Reached skill level 1 in Bows
  1042 | D:2      | Reached skill level 1 in Crossbows
  1042 | D:2      | Reached skill level 1 in Stealth
  1042 | D:2      | Reached skill level 1 in Shields
  1042 | D:2      | Reached skill level 1 in Unarmed Combat
  1042 | D:2      | Reached skill level 1 in Evocations
  1176 | D:2      | Reached XP level 4. HP: 38/38 MP: 11/11
  1456 | D:2      | Reached skill level 1 in Conjurations
  1456 | D:2      | Reached skill level 1 in Hexes
  1456 | D:2      | Reached skill level 1 in Summonings
  1456 | D:2      | Reached skill level 1 in Necromancy
  1456 | D:2      | Reached skill level 1 in Transmutations
  1456 | D:2      | Reached skill level 1 in Fire Magic
  1456 | D:2      | Reached skill level 1 in Ice Magic
  1456 | D:2      | Reached skill level 1 in Air Magic
  1456 | D:2      | Reached skill level 1 in Earth Magic
  1456 | D:2      | Reached skill level 1 in Poison Magic
  1601 | D:2      | Found an iron altar of Okawaru.
  1656 | D:3      | Noticed Sigmund
  1659 | D:3      | Noticed Terence
  1707 | D:3      | Noticed Grinder
  1869 | D:2      | Slain by Grinder

Illustrated notes

Levels and vault maps discovered:
D:1:      eino_arrival_cavern_e, layout_basic
D:2:      layout_loops_ring, lemuel_crystal_altar, lemuel_doored_altar
D:3:      layout_rooms, uniq_grinder, uniq_sigmund, uniq_terence

Skill      XL: |  1  2  3  4 |
---------------+-------------+-----
Spellcasting   | 5 |  5.1
Invocations    | 1 |  1.3
Short Blades   | 1 |  1.2
Axes           | 1 |  1.2
Maces & Flails | 1 |  1.2
Polearms       | 1 |  1.2
Staves         | 1 |  1.2
Slings         | 1 |  1.2
Bows           | 1 |  1.2
Crossbows      | 1 |  1.2
Stealth        | 1 |  1.2
Shields        | 1 |  1.2
Unarmed Combat | 1 |  1.2
Evocations     | 1 |  1.2
Conjurations   | 1 |  1.0
Hexes          | 1 |  1.0
Summonings     | 1 |  1.0
Necromancy     | 1 |  1.0
Transmutations | 1 |  1.0
Fire Magic     | 1 |  1.0
Ice Magic      | 1 |  1.0
Air Magic      | 1 |  1.0
Earth Magic    | 1 |  1.0
Poison Magic   | 1 |  1.0
Fighting       | |  4.7
Long Blades    | |  4.7
Throwing       | |  2.8
Armour         | |  2.8
Dodging        | |  4.7
Translocations | |  5.5

Action                   |  1- 3 |  4- 6 || total
-------------------------+-------+-------++-------
Melee: Falchion          |    93 |    56 ||   149
       Bite              |     5 |     6 ||    11
Throw: Boomerang         |       |     4 ||     4
 Cast: Teleport Other    |       |     1 ||     1
       Blink             |       |     1 ||     1
       Lesser Beckoning  |       |     1 ||     1
  Use: Potion            |       |     3 ||     3
       Scroll            |       |     2 ||     2
 Stab: Sleeping          |     2 |     1 ||     3
Armor: Leather armour    |    16 |    10 ||    26
Dodge: Dodged            |    88 |    40 ||   128
Block: Other             |       |     6 ||     6
       Rpst.: Falchion   |    28 |    10 ||    38

Table legend: (Time is in decaauts)
 A = Elapsed time spent in this place.
 B = Non-inter-level travel time spent in this place.
 C = Inter-level travel time spent in this place.
 D = Time resting spent in this place.
 E = Time spent auto-exploring this place.
 F = Levels seen in this place.
 G = Mean time per level.
                   A        B        C        D        E       F      G
               +--------+--------+--------+--------+--------+-----+--------+
         Total |   1882 |   1824 |     58 |    242 |    649 |   3 |  627.3 |
       Dungeon |   1882 |   1824 |     58 |    242 |    649 |   3 |  627.3 |
               +--------+--------+--------+--------+--------+-----+--------+

Top non-repeatable levels by time:
     D:2: 1139 daAuts
     D:1: 683 daAuts
     D:3: 59 daAuts
